 Dungeon Crawl Stone Soup version 0.16.1-11-g651b585 (console) character file.

844 mauris the Chiller (level 8, -2/52 HPs)
             Began as a Merfolk Ice Elementalist on Mar 31, 2015.
             Was a Priest of Ru.
             Slain by an ogre
             ... wielding a +0 giant spiked club
              (18 damage)
             ... on level 4 of the Dungeon.
             The game lasted 00:12:59 (5899 turns).

mauris the Chiller (Merfolk Ice Elementalist)       Turns: 5899, Time: 00:12:59

Health: -2/52      AC: 14    Str:  8    XL:     8   Next: 0%
Magic:  6/13       EV: 14    Int: 16    God:    Ru [***...]
Gold:   161        SH:  0    Dex: 22    Spells: 3 memorised, 3 levels left

rFire  . . .     SeeInvis .     j - +4 halberd
rCold  x . .     Clarity  .     y - +3 robe of the Centipede {rC- Dex+7 Slay+3, 2}
rNeg   . . .     SustAb   .     (no shield)
rPois  .         Gourm    .     w - +0 helmet
rElec  .         Spirit   .     (no cloak)
rCorr  .         Warding  .     u - +1 pair of gloves
rMut   .         Stasis   .     (no boots)
MR     .....                    (no amulet)
Stlth  ++........               (no ring)
                                (no ring)

@: icy armour, very slightly contaminated, slowed, very slow, not resistant to
hostile enchantments, unstealthy
A: change form in water, swift swim, inability to use devices
a: Draw Out Power, Renounce Religion


You were on level 4 of the Dungeon.
You worshipped Ru.
Ru was most pleased with you.
You were not hungry.

You visited 1 branch of the dungeon, and saw 5 of its levels.

You collected 161 gold pieces.

Inventory:

Hand weapons
 j - a +4 halberd (weapon)
Armour
 d - a +0 robe {2}
 u - a +1 pair of gloves (worn)
 w - a +0 helmet (worn)
 y - the +3 robe of the Centipede (worn) {rC- Dex+7 Slay+3, 2}
   (You found it on level 4 of the Dungeon)

   It affects your dexterity (+7).
   It affects your accuracy and damage with ranged weapons and melee attacks
   (+3).
   It makes you vulnerable to cold.
Jewellery
 x - an uncursed ring of fire {unknown}
Scrolls
 g - a scroll of fear {unknown}
 i - 3 scrolls of identify {@r1}
 l - 4 scrolls of remove curse
 m - a scroll of recharging
 n - a scroll of teleportation {@r4}
 p - 2 scrolls of enchant armour {unknown}
 q - a scroll of enchant weapon {unknown}
 v - 2 scrolls of immolation {unknown}
Potions
 e - 2 potions of curing {@q1}
 f - 2 potions of might {unknown}
 k - a potion of magic {unknown}
 o - 3 potions of agility {unknown}
 s - a potion of invisibility {unknown}
 t - a potion of berserk rage {unknown}
Books
 b - a book of Frost

   Spells                             Type                      Level
   a - Freeze                         Ice                          1
   b - Throw Frost                    Conjuration/Ice              2
   c - Ozocubu's Armour               Charms/Ice                   3
   d - Throw Icicle                   Conjuration/Ice              4
   e - Summon Ice Beast               Ice/Summoning                4
   f - Condensation Shield            Ice                          4
Comestibles
 a - a chunk of flesh
 c - 5 bread rations
 h - a beef jerky
 r - 8 fruits
 z - a slice of pizza


   Skills:
 + Level 4.5 Polearms
 - Level 2.6 Dodging
 - Level 2.1 Stealth
 - Level 2.0 Spellcasting
 - Level 5.0 Conjurations
 - Level 2.7 Charms
 - Level 5.9 Ice Magic


You had 3 spell levels left.
You knew the following spells:

 Your Spells              Type           Power        Failure   Level  Hunger
a - Freeze                Ice            ###.         1%          1    #......
b - Throw Icicle          Conj/Ice       ###.....     28%         4    #####..
o - Ozocubu's Armour      Chrm/Ice       ###.....     12%         3    ###....


Dungeon Overview and Level Annotations

Branches:
Dungeon (5/15)
 Temple: D:4-7

Altars:
Ru

Annotations:
D:4 Duvessa


Innate Abilities, Weirdness & Mutations

You revert to your normal form in water.
You are very nimble and swift while swimming.
You cannot study or use magical devices.


Message History

You reach to attack!
You puncture the adder skeleton!
You destroy the adder skeleton!
You start resting.
Eating one of 2 chunks of flesh.
This raw flesh tastes terrible.
You continue eating. x2
An ogre comes into view. It is wielding a giant spiked club.
The ogre shouts!
You hear a shout!
Casting: Freeze
Confirm with . or Enter, or press ? or * to list all spells.
A film of ice covers your body!
Casting: Ozocubu's Armour
Confirm with . or Enter, or press ? or * to list all spells.
Aiming: Freeze
Press: ? - help, Shift-Dir - straight line, f - ogre
Aim: an ogre, wielding a giant spiked club You freeze the ogre.
The ogre is lightly wounded.
The ogre hits you with a giant spiked club!!
You die...

#)# #.##### #.# #.# #.....# #.#
#.# #.###.######.### ########.#
#.# #..........# #........#
#.###.######.#.# #.########
#.....######.#.## #.#
#<.#............##### #.#
#####.########.#....... #.#
######....O@........##.#.### #.#
#.....<...)###.####.##.#.##
#.####.####.###.#........##....##
#...........# #.#................
######>###### #.#.(......##....##
#...# #).........##.#.## #.###
###.......###.#.### #.# #.......#
#.#.... #.# #####.......###.#..##


You could see an ogre.

Vanquished Creatures
  The ghost of mauris the Caller, an average MfSu of the Shining One (D:3)
  An ogre (D:4)
  Dowan (D:4)
  A hound (D:4)
  2 iguanas (D:4)
  4 orc wizards (D:3)
  6 worker ants (D:4)
  A hound skeleton (D:4)
  Robin (D:4)
  5 adders
  A giant mite (D:4)
  4 gnolls (D:4)
  3 worms
  2 adder skeletons
  2 giant geckos
  11 orcs
  A bat skeleton (D:4)
  12 goblins
  18 hobgoblins
  11 jackals
  3 quokkas
  15 bats
  6 giant cockroaches
  6 giant newts
  9 kobolds
  15 rats
142 creatures vanquished.

Notes
Turn   | Place    | Note
--------------------------------------------------------------
     0 | D:1      | mauris, the Merfolk Ice Elementalist, began the quest for the Orb.
     0 | D:1      | Reached XP level 1. HP: 13/13 MP: 3/3
    62 | D:1      | good
   231 | D:1      | Huge Dmg: 4 dmg
   238 | D:1      | Reached XP level 2. HP: 13/19 MP: 0/4
   326 | D:1      | Reached skill level 4 in Ice Magic
   678 | D:1      | Huge Dmg: 4 dmg
   747 | D:1      | Reached XP level 3. HP: 24/24 MP: 3/6
   752 | D:1      | Learned a level 3 spell: Ozocubu's Armour
  1193 | D:2      | Huge Dmg: 5 dmg
  1195 | D:2      | Huge Dmg: 4 dmg
  1437 | D:2      | Reached skill level 5 in Ice Magic
  1744 | D:2      | Reached XP level 4. HP: 30/30 MP: 2/7
  1870 | D:2      | Huge Dmg: 6 dmg
  1872 | D:2      | Reached skill level 1 in Charms
  2122 | D:3      | Huge Dmg: 7 dmg
  2470 | D:3      | Huge Dmg: 8 dmg
  2471 | D:3      | Huge Dmg: 5 dmg
  2611 | D:3      | Huge Dmg: 12 dmg
  2736 | D:3      | Reached XP level 5. HP: 28/35 MP: 2/9
  2873 | D:3      | Noticed mauris' ghost (average MfSu)
  2889 | D:3      | Huge Dmg: 6 dmg
  3132 | D:3      | Learned a level 4 spell: Throw Icicle
  3142 | D:3      | Huge Dmg: 8 dmg
  3143 | D:3      | Huge Dmg: 7 dmg
  3307 | D:3      | Reached skill level 1 in Conjurations
  3687 | D:3      | Found a sacrificial altar of Ru.
  3691 | D:3      | Reached XP level 6. HP: 41/41 MP: 6/10
  3748 | D:3      | Became a worshipper of Ru the Awakened
  4191 | D:3      | Killed mauris' ghost
  4191 | D:3      | Reached XP level 7. HP: 31/46 MP: 0/12
  4378 | D:4      | Noticed Robin
  4489 | D:4      | Killed Robin
  4986 | D:4      | Huge Dmg: 10 dmg
  5005 | D:4      | Got a dull robe {2}
  5016 | D:4      | Identified the +3 robe of the Centipede {rC- Dex+7 Slay+3, 2} (You found it on level 4 of the Dungeon)
  5125 | D:4      | Huge Dmg: 11 dmg
  5138 | D:4      | Huge Dmg: 10 dmg
  5139 | D:4      | Reached skill level 5 in Conjurations
  5332 | D:4      | Reached skill level 1 in Polearms
  5479 | D:4      | Huge Dmg: 12 dmg
  5726 | D:4      | Gained mutation: You cannot study or use magical devices. [Ru sacrifice]
  5726 | D:4      | Acquired Ru's first power
  5726 | D:4      | Acquired Ru's second power
  5726 | D:4      | Acquired Ru's third power
  5751 | D:5      | Entered Level 5 of the Dungeon
  5751 | D:5      | Noticed Duvessa
  5751 | D:5      | Noticed Dowan
  5886 | D:4      | Killed Dowan
  5886 | D:4      | Reached XP level 8. HP: 35/52 MP: 13/13
  5889 | D:4      | Huge Dmg: 8 dmg
  5891 | D:4      | Huge Dmg: 15 dmg
  5899 | D:4      | Slain by an ogre

Action                   |  1- 3 |  4- 6 |  7- 9 || total
-------------------------+-------+-------+-------++-------
Melee: Spear             |    76 |   100 |    57 ||   233
       Unarmed           |       |       |    18 ||    18
       Halberd           |       |       |    15 ||    15
 Cast: Freeze            |    52 |    87 |    68 ||   207
       Ozocubu's Armour  |       |     1 |     7 ||     8
       Throw Icicle      |       |     1 |     1 ||     2
Invok: Sacrifice Artific |       |       |     1 ||     1
  Use: Potion            |       |     2 |       ||     2
       Scroll            |       |       |     5 ||     5
 Stab: Sleeping          |       |     7 |     6 ||    13
       Paralysed         |       |     3 |       ||     3
       Distracted        |       |     1 |     1 ||     2
  Eat: Chunk             |     4 |     9 |     9 ||    22

Vault maps used:
D:1:      minmay_arrival_wavy_path
D:2:      first_bread, minivault_24
D:3:      nicolae_ru_great_annihilating_truth
D:4:      uniq_robin
D:5:      gammafunk_temple_overflow_statue, minmay_temple_entry_fiery,
          uniq_iyjb, uniq_sigmund, uniq_duvessa
